 Dungeon Crawl Stone Soup version 0.27.1-35-g4d5d836560 (console) character file.

Game seed: 10620806719623572308

173369 grimtooth the Impaler (level 18, -11/153 HPs)
             Began as a Merfolk Gladiator on Dec 18, 2022.
             Was the Champion of Fedhas.
             Mangled by a naga warrior (22 damage)
             ... on level 4 of the Snake Pit on Dec 19, 2022.
             The game lasted 04:56:06 (38133 turns).

grimtooth the Impaler (Merfolk Gladiator)          Turns: 38133, Time: 04:56:07

Health: -11/153    AC: 17    Str: 22    XL:     18   Next: 5%
Magic:  17/24      EV: 27    Int: 10    God:    Fedhas [******]
Gold:   409        SH:  5    Dex: 23    Spells: 12/17 levels left

rFire    + + .     SeeInvis +   a - +0 glaive (freeze)
rCold    + + .     Faith    .   (shield currently unavailable)
rNeg     . . .     Spirit   .   H - +1 leather armour {rPois}
rPois    +         Reflect  +   S - +2 hat {SInv}
rElec    +         Harm     .   z - scarf {repulsion}
rCorr    .         Rampage  .   j - +2 pair of gloves of the Heavens {rElec rF++ Will+}
Will     ++...                  F - +2 pair of boots of Disappointment {*Corrode rC++ Regen+ Str+4}
Stlth    ++++......             Q - amulet of reflection
HPRegen  1.35/turn              c - +4 ring of protection
MPRegen  0.19/turn              r - +6 ring of dexterity

@: repel missiles
A: (nimble swimmer 2), mertail
a: Renounce Religion, Wall of Briars, Grow Ballistomycete, Overgrow, Grow Oklob


You were on level 4 of the Snake Pit.
You worshipped Fedhas.
Fedhas was exalted by your worship.
You visited 5 branches of the dungeon, and saw 28 of its levels.
You visited 1 bazaar.
You also visited: Bailey, Gauntlet and Ice Cave.

You collected 3371 gold pieces.
You spent 2962 gold pieces at shops.

Inventory:

Hand Weapons
 a - a +0 glaive of freezing (weapon)
 b - a +3 demon trident
Missiles
 d - 4 throwing nets {=F}
 f - 7 poisoned darts
 k - 25 boomerangs (quivered)
 l - 21 sling bullets
 L - 9 curare-tipped darts
 P - a throwing net {=f}
Armour
 j - the +2 pair of gloves of the Heavens (worn) {rElec rF++ Will+}
   (You bought it in a shop on level 8 of the Dungeon)

   rF:        It greatly protects you from fire.
   rElec:     It insulates you from electricity.
   Will:      It increases your willpower.
 z - a scarf of repulsion (worn)
 F - the +2 pair of boots of Disappointment (worn) {*Corrode rC++ Regen+ Str+4}
   (You found it in a Gauntlet)

   Str:       It affects your strength (+4).
   rC:        It greatly protects you from cold.
   Regen:     It increases your rate of health regeneration.
   *Corrode:  It may corrode you when you take damage.
 H - a +1 leather armour of poison resistance (worn)
 S - a +2 hat of see invisible (worn)
Jewellery
 c - a +4 ring of protection (left hand)
 r - a +6 ring of dexterity (right hand)
 Q - an amulet of reflection (around neck)
Wands
 i - a wand of paralysis (16)
 o - a wand of polymorph (13)
 w - a wand of charming (9)
 C - a wand of iceblast (36)
 E - a wand of mindburst (23)
 M - a wand of flame (52)
 R - a wand of acid (30)
 U - a wand of digging (14)
Scrolls
 h - 4 scrolls of magic mapping
 n - 7 scrolls of holy word
 t - 7 scrolls of vulnerability
 x - 15 scrolls of teleportation
 D - 5 scrolls of fog
 I - a scroll of summoning
 K - a scroll of silence
Potions
 e - a potion of cancellation
 g - a potion of berserk rage {unknown}
 u - 4 potions of magic
 v - 5 potions of heal wounds
 A - 3 potions of haste
 G - 9 potions of curing
 N - 5 potions of flight
 O - 5 potions of might
 V - a potion of resistance
 Z - 8 potions of ambrosia
Miscellaneous
 y - a phantom mirror
 X - a phial of floods


   Skills:
 * Level 16.4 Fighting
 - Level 18.0 Polearms
 - Level 9.0 Throwing
 - Level 6.0 Armour
 - Level 18.0 Dodging
 - Level 9.0 Stealth
 + Level 4.0 Translocations
 - Level 12.0 Ice Magic
 - Level 9.0 Invocations
 - Level 6.0 Evocations


You had 12 spell levels left.
You knew the following spells:

 Your Spells              Type           Power      Damage    Failure   Level
a - Ozocubu's Armour      Ice            24%        N/A       1%          3
k - Blink                 Tloc           N/A        N/A       12%         2

Your spell library contained the following spells:

 Spells                   Type           Power      Damage    Failure   Level
 Frozen Ramparts          Ice            48%        1d6       1%          3
 Ensorcelled Hibernation  Hex/Ice        24%        N/A       5%          2
 Gell's Gravitas          Tloc           4%         N/A       24%         3
 Lesser Beckoning         Tloc           4%         N/A       24%         3
 Teleport Other           Tloc           8%         N/A       24%         3
 Ice Form                 Ice/Tmut       12%        N/A       36%         4
 Summon Ice Beast         Ice/Summ       12%        N/A       36%         4
 Beastly Appendage        Tmut           0%         N/A       41%         1
 Corona                   Hex            0%         N/A       41%         1
 Foxfire                  Conj/Fire      0%         2x1d4     41%         1
 Summon Small Mammal      Summ           0%         N/A       41%         1
 Slow                     Hex            0%         N/A       54%         2
 Sublimation of Blood     Necr           0%         N/A       54%         2
 Wereblood                Tmut           0%         N/A       54%         2
 Metabolic Englaciation   Hex/Ice        6%         N/A       71%         5
 Call Canine Familiar     Summ           0%         N/A       78%         3
 Confusing Touch          Hex            0%         N/A       78%         3
 Conjure Flame            Conj/Fire      0%         6-21      78%         3
 Dazzling Flash           Conj/Hex       0%         N/A       78%         3
 Ignite Poison            Fire/Tmut/Pois 0%         N/A       78%         3
 Inner Flame              Hex/Fire       0%         N/A       78%         3
 Spider Form              Tmut/Pois      0%         N/A       78%         3
 Summon Guardian Golem    Hex/Summ       0%         N/A       78%         3
 Tukima's Dance           Hex            0%         N/A       78%         3
 Iskenderun's Mystic Bla  Conj/Tloc      4%         2d3       88%         4
 Manifold Assault         Tloc           8%         N/A       92%         5
 Freezing Cloud           Conj/Ice/Air   4%         6-21      93%         5
 Ozocubu's Refrigeration  Ice            12%        4d7       95%         7
 Animate Armour           Summ/Erth      0%         N/A       99%         4
 Cause Fear               Hex            0%         N/A       99%         4
 Petrify                  Tmut/Erth      0%         N/A       99%         4
 Sticky Flame             Conj/Fire      0%         2d3       99%         4
 Summon Forest            Summ/Tloc      2%         N/A       99%         5
 Simulacrum               Ice/Necr       6%         N/A       99%         6
 Blade Hands              Tmut           0%         N/A       100%        5
 Yara's Violent Unravell  Hex/Tmut       0%         3d3       100%        5
 Eringya's Noxious Bog    Tmut/Pois      0%         N/A       100%        6
 Iron Shot                Conj/Erth      0%         9d1       100%        6
 Starburst                Conj/Fire      0%         6d3       100%        6
 Statue Form              Tmut/Erth      0%         N/A       100%        6
 Summon Hydra             Summ           0%         N/A       100%        7
 Discord                  Hex            0%         N/A       100%        8
 Polar Vortex             Ice            12%        N/A       100%        9


Dungeon Overview and Level Annotations

Branches:
Dungeon (15/15)            Temple (1/1) D:7            Lair (6/6) D:10
 Shoals (0/4) Lair:4        Snake (4/4) Lair:2        Slime (0/5) Lair:6
    Orc (2/2) D:9             Elf (0/3) Orc:2        Vaults (0/5) D:13
 Depths (0/5) D:15         Bailey (visited)           IceCv (visited)
Gauntlet (visited)

Altars:
Ashenzari
Cheibriados
Dithmenos
Fedhas
Gozag
Makhleb
Nemelex Xobeh
Qazlal
Ru
Trog
Uskayaw
Vehumet
Yredelemnul
Zin
Jiyva

Shops:
D:4 ?   D:8 [   D:9 *   D:12 =   D:14 =   Orc:2 !((![   Snake:1 :=:
Snake:2 (=**   Snake:4 [(

Annotations:
D:3 1 runed translucent door, exclusion: iguana, Crazy Yiuf
D:13 3 runed translucent doors, Jorgrun; Yqoodd's ghost, journeyman GnWr
Lair:3 exclusion: hydra
Lair:4 1 runed translucent door, Lutiheq's ghost, journeyman DrTm
Snake:3 Mara


Innate Abilities, Weirdness & Mutations

((You are quick and stealthy near water. (Stealth+, EV+, Speed+++)))
Your lower body shifts to a powerful aquatic tail in water.


Message History

Aim: a naga warrior, wielding a +0 trident (heavily wounded, strong, catching its breath, about 27% to evade your +0 glaive of freezing)
You could not reach far enough!
The naga warrior completely misses you. You block the naga warrior's attack.
Unknown command.
Reach: a) +0 glaive (freeze)
Press: ? - help, Dir - move target, f/p - naga warrior
Aim: a naga warrior, wielding a +0 trident (heavily wounded, strong, about 27% to evade your +0 glaive of freezing)
You reach to attack!
You slice the naga warrior!! You freeze the naga warrior.
The naga warrior is severely wounded.
The naga warrior spits poison at you. The splash of poison misses you.
A ballistomycete spore comes into view.
Reach: a) +0 glaive (freeze)
Press: ? - help, Dir - move target, f/p - naga warrior
Aim: a naga warrior, wielding a +0 trident (severely wounded, strong, about 27% to evade your +0 glaive of freezing)
You could not reach far enough!
The naga warrior misses you. The naga warrior completely misses you.
Reach: a) +0 glaive (freeze)
Press: ? - help, Dir - move target, f/p - naga warrior
Aim: a naga warrior, wielding a +0 trident (severely wounded, strong, about 27% to evade your +0 glaive of freezing)
You reach to attack!
You slice the naga warrior!! You freeze the naga warrior!
You kill the naga warrior!
Fedhas appreciates your contribution to the ecosystem.
Reach: a) +0 glaive (freeze)
Press: ? - help, Dir - move target, f - naga warrior
Aim: a naga warrior, wielding a +0 halberd and wearing a +0 robe (moderately wounded, catching its breath, covered in acid, ally target, about 27% to evade your +0 glaive of freezing)
You could not reach far enough!
The naga warrior hits you from afar with a +0 halberd!!
* * * LOW HITPOINT WARNING * * *
A ballistomycete spore comes into view.
Reach: a) +0 glaive (freeze)
Press: ? - help, Dir - move target, f/p - naga warrior
Aim: a naga warrior, wielding a +0 halberd and wearing a +0 robe (moderately wounded, catching its breath, covered in acid, ally target, about 27% to evade your +0 glaive of freezing)
You could not reach far enough!
The naga warrior is no longer covered in acid.
The naga is struck by your briar patch's thorns.
The naga hits your briar patch with a +0 short sword!!
The naga warrior hits you from afar with a +0 halberd!!
You die...
Fedhas appreciates your contribution to the ecosystem.

#......##########.).###..
#......'........#..)))'##
#...#..#..#######.).#....
##..#...#.P# ...##...#.)).
#......##.*# ..+##...#..).
##......#.).#...#.#...#....
#.......##..#...#.#...#####
###......#.*'.. #.#........
#......#NN#...#.#.......#
#......#PP#...#.#......##
##......#@P# +##('......#
#.......#P########......##
#...##..###..............#
##.######..................
##.## ##..)..............
#.## #................. ###
#....###....##.... ##..###
#....####.. #...# ##...#
##. #..## ##.## ## ##.## .#


You could see a naga warrior (catching breath, ally target), a naga (strong,
ally target), a friendly ballistomycete (summoned) and 2 friendly ballistomycete
spores.

Vanquished Creatures
  Gastronok (Lair:3)
  Aizul (Snake:4)
  An orc warlord (Orc:2)
  A caustic shrike zombie (D:15)
  Snorg (D:11)
  2 fire dragons
  A salamander tyrant (Snake:2)
  Erolcha (D:11)
  An ice dragon (Lair:6)
  8 naga warriors
  16 anacondas
  4 boulder beetles
  8 centaur warriors
  Harold (D:8)
  12 two-headed ogres
  7 hydras
  2 ogre magi
  6 death yaks
  A tengu warrior (D:15)
  A soul eater (Gauntlet)
  4 orc high priests (Orc:2)
  5 naga sharpshooters
  5 shock serpents
  A storm dragon zombie (D:15)
  5 skeletal warriors
  2 salamander mystics (Snake:3)
  11 sea snakes (Snake:1)
  Pikel (D:8)
  A flayed ghost (D:15)
  2 bog bodies (IceCv)
  4 naga ritualists
  A lindwurm (Lair:6)
  A swamp dragon (Lair:6)
  3 wizards (D:13)
  7 orc knights
  A necromancer (D:15)
  A tengu skeleton (D:15)
  3 orc sorcerers (Orc:2)
  4 mana vipers
  3 deep elf pyromancers
  A frost giant zombie (D:15)
  4 elephants (Lair:5)
  23 ugly things
  12 salamanders
  5 manticores
  4 cyclopes
  An ice statue (IceCv)
  4 guardian serpents
  14 naga magi
  30 black mambas
  5 torpor snails (Lair:6)
  A cane toad (shapeshifter) (D:14)
  8 cane toads
  3 yaktaurs (D:14)
  10 komodo dragons
  6 rime drakes
  Psyche (D:9)
  2 kobold demonologists (D:13)
  2 unseen horrors
  A freezing wraith (IceCv)
  A guardian mummy (D:15)
  An anaconda simulacrum (IceCv)
  2 ice devils (Lair:3)
  7 polar bears
  4 trolls
  3 tyrant leeches (Lair:6)
  5 hornets (Lair:6)
  A queen bee (D:11)
  Prince Ribbit (D:8)
  14 slime creatures
  11 blink frogs
  9 dream sheep
  Sigmund (D:6)
  2 shadows
  10 wyverns
  2 basilisks
  44 yaks
  Grum (D:8)
  3 death yak simulacra (IceCv)
  A steam dragon (Lair:6)
  7 vampire mosquitoes
  4 wargs
  27 nagas
  20 water moccasins
  4 acid dragons
  27 orc warriors
  A sky beast (D:5)
  5 swamp drakes (Lair:6)
  9 black bears
  An ice beast (D:8)
  A sky beast (shapeshifter) (D:14)
  26 wolves
  8 ogres
  2 phantoms
  20 centaurs
  13 bullfrogs
  3 kobold brigands
  2 gnoll sergeants
  Blork the orc (D:5)
  5 scorpions
  4 cane toad simulacra (IceCv)
  3 two-headed ogre simulacra (IceCv)
  A wyvern zombie (D:7)
  A water moccasin zombie (D:5)
  2 water moccasin skeletons (D:5)
  53 killer bees
  4 elephant simulacra (IceCv)
  6 howler monkeys
  8 electric eels
  6 centaur zombies
  A bullfrog skeleton (D:5)
  3 bullfrog zombies
  2 centaur skeletons
  A jelly (D:5)
  11 orc priests
  A hound (D:6)
  2 gnoll shamans
  6 iguanas
  15 orc wizards
  5 troll simulacra (IceCv)
  3 spriggan simulacra (IceCv)
  3 wolf simulacra (IceCv)
  A killer bee zombie (D:6)
  2 hound skeletons
  A howler monkey zombie (D:6)
  26 gnolls
  4 adders
  A naga simulacrum (IceCv)
  A shadow imp (D:8)
  7 white imps
  11 ufetubi
  A worm (D:2)
  4 dart slugs
  71 orcs
  3 ball pythons
  7 bats
  6 endoplasms
  7 giant cockroaches
  5 goblins
  8 hobgoblins
  7 jackals
  5 quokkas
  4 frilled lizards
  18 kobolds
  8 rats
  A ballistomycete spore (Snake:4)
937 creatures vanquished.

Vanquished Creatures (collateral kills)
  A minotaur (Gauntlet)
  A hydra (Lair:6)
  A two-headed ogre (Orc:2)
  A naga mage (Snake:4)
  An unseen horror (D:12)
  A tengu conjurer (D:15)
  A queen bee (Lair:3)
  A slime creature (D:12)
  A hornet (Lair:6)
  A basilisk (Lair:6)
  2 nagas (Snake:4)
  3 orc warriors (Orc:2)
  A black bear (Lair:2)
  An ogre (D:5)
  8 wolves
  A bullfrog (Lair:1)
  3 killer bees (Lair:3)
  2 orc wizards (Orc:2)
  2 troll simulacra (IceCv)
  A wolf simulacrum (IceCv)
  3 shadow imps (Gauntlet)
  2 orcs (Orc:2)
  42 ballistomycete spores
81 creatures vanquished.

Vanquished Creatures (others)
  An oklob plant (Gauntlet)
  A naga (Snake:4)
  An orc priest (Orc:2)
  An iguana (Lair:6)
  A ballistomycete spore (D:11)
  3 bushes (D:10)
  71 fungi
  208 plants
287 creatures vanquished.

Grand Total: 1305 creatures vanquished

Notes
Turn   | Place    | Note
-------+----------+-------------------------------------------
     0 | D:1      | grimtooth the Merfolk Gladiator began the quest for the
                  | Orb.
     0 | D:1      | Reached XP level 1. HP: 16/16 MP: 1/1
   201 | D:1      | Reached skill level 5 in Polearms
   247 | D:1      | Reached XP level 2. HP: 19/22 MP: 2/2
   549 | D:1      | Reached XP level 3. HP: 24/27 MP: 3/3
  1240 | D:2      | Reached XP level 4. HP: 27/33 MP: 4/4
  2405 | D:3      | Reached XP level 5. HP: 38/38 MP: 5/5
  2458 | D:3      | Found a runed translucent door.
  2459 | D:3      | Noticed Crazy Yiuf
  3170 | D:4      | Noticed a phantom
  3197 | D:4      | Noticed a black bear
  3202 | D:4      | Killed a phantom
  3203 | D:4      | Reached XP level 6. HP: 32/44 MP: 6/6
  3338 | D:4      | Killed a black bear
  3339 | D:4      | Reached skill level 10 in Polearms
  3696 | D:4      | Found Popez's Magic Scroll Boutique.
  3704 | D:4      | Bought a scroll of identify for 26 gold pieces
  3756 | D:5      | Entered Level 5 of the Dungeon
  3763 | D:5      | Noticed a water moccasin
  3777 | D:4      | Killed a water moccasin
  3778 | D:4      | Reached XP level 7. HP: 30/50 MP: 7/7
  3956 | D:5      | Noticed Blork the orc
  4482 | D:5      | Killed Blork the orc
  4820 | D:5      | Reached XP level 8. HP: 56/56 MP: 8/8
  5941 | D:6      | Noticed Sigmund
  6149 | D:5      | Reached skill level 15 in Polearms
  6450 | D:6      | Reached skill level 1 in Stealth
  6619 | D:6      | Reached XP level 9. HP: 58/60 MP: 9/9
  6635 | D:7      | - no altars at all
  6700 | D:7      | Reached skill level 5 in Dodging
  7495 | D:7      | Found a staircase to the Ecumenical Temple.
  7531 | Temple   | Entered the Ecumenical Temple
  7538 | Temple   | Became a worshipper of Fedhas Madash
  7585 | D:7      | Found a bloodstained altar of Trog.
  7905 | D:8      | Found Momeggo's Armour Boutique.
  7906 | D:8      | Noticed Harold
  7906 | D:8      | Noticed Grum
  8609 | D:8      | Noticed Pikel
  8675 | D:8      | Noticed Prince Ribbit
  8691 | D:9      | Found Juwowod's Assorted Antiques.
  8822 | D:9      | Found a staircase to the Orcish Mines.
  9085 | D:9      | Reached * piety under Fedhas
  9646 | D:9      | Noticed a cyclops
  9659 | D:9      | Noticed a deep elf pyromancer
  9679 | D:9      | Killed a deep elf pyromancer
  9680 | D:9      | Reached skill level 1 in Invocations
  9737 | D:9      | Killed a cyclops
  9738 | D:9      | Reached XP level 10. HP: 73/73 MP: 9/11
  9859 | D:9      | Noticed Psyche
 10083 | D:6      | Reached skill level 5 in Fighting
 10400 | D:5      | Reached ** piety under Fedhas
 11009 | D:6      | Killed Sigmund
 11092 | D:10     | Entered Level 10 of the Dungeon
 11724 | D:10     | You fall into a shaft and drop 2 floors!
 11731 | D:12     | Found Ogaizoem's Jewellery Emporium.
 11760 | D:12     | Noticed a seven-headed hydra
 11811 | D:12     | Killed an eight-headed hydra
 11812 | D:12     | Reached skill level 5 in Invocations
 11846 | D:12     | Noticed a boulder beetle
 11872 | D:12     | Noticed a cyclops
 11989 | D:12     | Noticed a deep elf pyromancer
 12046 | D:12     | Killed an unseen horror
 12047 | D:12     | Reached XP level 11. HP: 33/87 MP: 13/15
 12097 | D:12     | Found a gate leading to a gauntlet.
 12107 | Gauntlet | Entered a Gauntlet
 12107 | Gauntlet | Found a runed translucent gate.
 12107 | Gauntlet | Found a transporter.
 12107 | Gauntlet | Found a transporter.
 12107 | Gauntlet | Found a transporter.
 12108 | Gauntlet | Noticed a soul eater
 12110 | Gauntlet | Found a runed translucent gate.
 12111 | Gauntlet | Found a runed translucent gate.
 12118 | Gauntlet | Found a transporter.
 12121 | Gauntlet | Found a transporter.
 12129 | Gauntlet | Noticed an oklob plant
 12132 | Gauntlet | Found a transporter.
 12134 | Gauntlet | Found a transporter.
 12140 | Gauntlet | Found a transporter.
 12143 | Gauntlet | Killed an oklob plant
 12199 | Gauntlet | Found a transporter.
 12202 | Gauntlet | Noticed a fire crab
 12207 | Gauntlet | Found a transporter.
 12208 | Gauntlet | Found a transporter.
 12228 | Gauntlet | Found a transporter.
 12404 | Gauntlet | - crap
 12412 | Gauntlet | Killed a soul eater
 12775 | Gauntlet | Identified the +2 pair of boots of Disappointment {*Corrode
                  | rC++ Regen+ Str+4}
 12866 | Gauntlet | Noticed a minotaur
 12879 | Gauntlet | Killed a minotaur
 12880 | Gauntlet | Reached skill level 10 in Dodging
 12911 | Gauntlet | - boots were probably worth it
 12926 | D:12     | Killed a boulder beetle
 13191 | D:12     | Noticed a cyclops
 13427 | D:11     | Noticed a two-headed ogre
 14001 | D:10     | Found a staircase to the Lair.
 14020 | D:10     | Reached skill level 10 in Fighting
 14167 | D:10     | Killed a two-headed ogre
 14186 | D:11     | Noticed Erolcha
 14190 | D:10     | - better get those gloves
 14242 | D:8      | Bought the +2 pair of gloves of the Heavens {rElec rF++
                  | Will+} for 516 gold pieces
 14367 | D:9      | Killed Psyche
 14448 | D:8      | Killed Prince Ribbit
 14449 | D:8      | Reached XP level 12. HP: 100/100 MP: 16/16
 14549 | D:8      | Reached *** piety under Fedhas
 14591 | D:8      | Killed Grum
 14864 | D:8      | Killed Harold
 14946 | D:8      | Killed Pikel
 15068 | D:9      | Bought a scroll labelled DIHIUNN EKITALAR for 36 gold
                  | pieces
 15068 | D:9      | Bought a scroll labelled CUPELUCSYNLI for 36 gold pieces
 15068 | D:9      | Bought a scroll labelled KEYH QISTRUCUSUZUNI for 36 gold
                  | pieces
 15099 | Lair:1   | Entered Level 1 of the Lair of Beasts
 16207 | Lair:2   | Found a staircase to the Snake Pit.
 16496 | Lair:2   | Reached **** piety under Fedhas
 17095 | Lair:3   | Found a frozen archway.
 17124 | IceCv    | Entered an ice cave
 17174 | IceCv    | - getting tired of this simulacra one
 17436 | IceCv    | Reached XP level 13. HP: 108/108 MP: 16/19
 18544 | IceCv    | Reached skill level 1 in Armour
 18709 | IceCv    | Reached ***** piety under Fedhas
 18979 | IceCv    | - didnt know resistance came other than robes
 19015 | Lair:3   | You fall into a shaft and drop 2 floors!
 19287 | Lair:4   | Noticed Sonja
 19323 | Lair:4   | Noticed Sonja
 19323 | Lair:4   | Sonja changed into Sonja the howler monkey
 19328 | Lair:4   | Killed Sonja the howler monkey
 19606 | Lair:3   | Noticed Gastronok
 19652 | Lair:3   | Killed Gastronok
 20228 | Lair:4   | Found a staircase to the Shoals.
 20581 | Lair:4   | Reached skill level 15 in Dodging
 20857 | Lair:4   | Found a runed translucent door.
 20857 | Lair:4   | Noticed Lutiheq's ghost (journeyman DrTm)
 21058 | Lair:5   | Reached skill level 5 in Armour
 21064 | Lair:5   | Reached XP level 14. HP: 100/115 MP: 20/20
 22293 | Lair:6   | Entered Level 6 of the Lair of Beasts
 22477 | Lair:6   | Found a viscous altar of Jiyva.
 22477 | Lair:6   | Found a staircase to the Slime Pits.
 23368 | Lair:6   | Found a runed translucent door.
 24159 | Lair:6   | Reached skill level 1 in Evocations
 24918 | Orc:1    | Entered Level 1 of the Orcish Mines
 25325 | Orc:1    | Found a burning altar of Makhleb.
 25467 | Orc:2    | Entered Level 2 of the Orcish Mines
 25651 | Orc:2    | Reached XP level 15. HP: 126/127 MP: 21/21
 25752 | Orc:2    | Reached ****** piety under Fedhas
 25811 | Orc:2    | Found a staircase to the Elven Halls.
 26064 | Orc:2    | Noticed an orc warlord
 26494 | Orc:2    | Found Suijinae's Armour Shoppe.
 26605 | Orc:2    | Reached skill level 15 in Fighting
 26724 | Orc:2    | Killed an orc warlord
 26914 | Orc:2    | Found Yrchyemih's Distillery.
 26914 | Orc:2    | Found Hasywum's Distillery.
 26919 | Orc:2    | Found Legred's Weapon Shoppe.
 26919 | Orc:2    | Found Oduegutz's Antique Weapon Shop.
 27164 | D:9      | Bought a bronze ring for 180 gold pieces
 27279 | D:4      | Bought a scroll of acquirement for 676 gold pieces
 27431 | Orc:2    | Bought a potion of heal wounds for 80 gold pieces
 27431 | Orc:2    | Bought a potion of heal wounds for 80 gold pieces
 27431 | Orc:2    | Bought a potion of haste for 160 gold pieces
 27431 | Orc:2    | Bought a potion of curing for 48 gold pieces
 27431 | Orc:2    | Bought a potion of curing for 48 gold pieces
 27431 | Orc:2    | Bought a potion of curing for 48 gold pieces
 27431 | Orc:2    | Bought a potion of curing for 48 gold pieces
 27436 | Orc:2    | Bought a potion of curing for 48 gold pieces
 27436 | Orc:2    | Bought a potion of curing for 48 gold pieces
 27868 | D:10     | Reached skill level 5 in Evocations
 27880 | D:10     | Learned a level 3 spell: Ozocubu's Armour
 27916 | D:11     | Reached skill level 1 in Ice Magic
 27956 | D:11     | - who is this other invisible pest
 27956 | D:11     | - better not be a lich
 27963 | D:11     | Killed Erolcha
 27993 | D:11     | Noticed Snorg
 28010 | D:11     | Killed Snorg
 28247 | D:11     | Reached skill level 5 in Ice Magic
 30120 | D:13     | Reached XP level 16. HP: 110/136 MP: 22/22
 30362 | D:13     | Found a runed translucent gate.
 30362 | D:13     | Found a runed translucent gate.
 30362 | D:13     | Found a runed translucent gate.
 30415 | D:13     | Noticed Yqoodd's ghost (journeyman GnWr)
 30416 | D:13     | Found a viscous altar of Jiyva.
 30452 | D:13     | Noticed Jorgrun
 30823 | D:14     | Reached skill level 10 in Ice Magic
 30888 | D:14     | Found a flagged portal.
 30907 | Bailey   | Entered a bailey
 30922 | Bailey   | - star chamber... i can swim!
 31167 | Bailey   | Identified the +3 crystal plate armour of the Game of Kings
                  | {-Tele rC+ Dex+5}
 31223 | D:14     | Found Ulleupn's Jewellery Boutique.
 31602 | D:14     | Found a snail-covered altar of Cheibriados.
 31908 | D:15     | Entered Level 15 of the Dungeon
 32526 | D:15     | Found a staircase to the Depths.
 32584 | D:15     | Reached skill level 5 in Throwing
 32597 | D:15     | - so jorg is sitting on vaults i guess
 33203 | D:15     | - man my typing about killed me
 33593 | D:13     | Found a gate to the Vaults.
 33599 | D:13     | - oh there it is
 33785 | Snake:1  | Entered Level 1 of the Snake Pit
 34197 | Snake:1  | Reached XP level 17. HP: 129/142 MP: 20/23
 34299 | Snake:1  | Found Ykhloh's Book Emporium.
 34299 | Snake:1  | Found Havosiph's Jewellery Shop.
 34300 | Snake:1  | Found Dahetoja's Book Emporium.
 34833 | Snake:2  | Found Ariwa's Jewellery Boutique.
 34905 | Snake:2  | Found Uczafaes's Assorted Antiques.
 34928 | Snake:2  | Found a flickering gateway to a bazaar.
 34962 | Snake:2  | Learned a level 2 spell: Blink
 34979 | Bazaar   | Entered a bazaar
 34979 | Bazaar   | Found Xuamic's Antique Armour Boutique.
 34979 | Bazaar   | Found Obideoheu's Book Boutique.
 34982 | Bazaar   | Found Qonguko's Book Emporium.
 34986 | Bazaar   | Found Zayf's Distillery.
 35000 | Bazaar   | Found Woejoc's Jewellery Boutique.
 35006 | Bazaar   | Found Iheckoti's Assorted Antiques.
 35036 | Bazaar   | - interesting layout
 35073 | Bazaar   | Bought a wand of acid (9) for 152 gold pieces
 35073 | Bazaar   | Bought a warped robe for 108 gold pieces
 35073 | Bazaar   | Identified the +1 robe "Vooskic" {*Corrode +Blink Int+4}
                  | (You bought it in a shop in a bazaar)
 35115 | Bazaar   | Bought a potion of heal wounds for 60 gold pieces
 35115 | Bazaar   | Bought a potion of heal wounds for 60 gold pieces
 35115 | Bazaar   | Bought a potion of might for 48 gold pieces
 35115 | Bazaar   | Bought a potion of might for 48 gold pieces
 35115 | Bazaar   | Bought a potion of might for 48 gold pieces
 35127 | Bazaar   | Bought a +4 ring of protection for 324 gold pieces
 35254 | Snake:2  | Found Omyarafi's Weapon Boutique.
 35452 | Snake:2  | Found Yraeph's General Store.
 35855 | Snake:3  | Noticed Mara
 35857 | Snake:3  | Noticed grimtooth's illusion
 36139 | Snake:3  | Reached skill level 1 in Translocations
 37210 | Snake:4  | Entered Level 4 of the Snake Pit
 37554 | Snake:4  | Found Fueq's Antique Armour Boutique.
 37586 | Snake:4  | Found Uzolok's Weapon Boutique.
 38021 | Snake:4  | Noticed Aizul
 38041 | Snake:4  | Killed Aizul
 38042 | Snake:4  | Reached XP level 18. HP: 109/153 MP: 22/24
 38133 | Snake:4  | Mangled by a naga warrior

Illustrated notes ## . .. . .. #. .. .##. ... ...### .... # #... ..... #.###.##...... #..#.....@......> #.....<.##...... #.....#.# ##### #####.#.# #.#.# #.#.# #.#.# #...# ##### Turn 6635 on D:7: - no altars at all

#..####..##.#..#####?........#..#
#..#©©#©.#.z....#©©#©..^©^...#©.≈
#..####?.##.#..#####.........#..#
.#.#..#.##...##.#..#..#...#..#..§
##h#..#..#...#.z#..#h....P...#..#
bbh#..#...#.#zzz#..#DD.....^.#..≈
####..###########..###########..#
..............................∩.≈
.........................∩§.....#
##..#########..#########.§≈#≈#≈##
x#..###.....#..#@P#....#..######
.#..####.##.#..#PP#.##.#..≈#
.####....##.######3.##.#..##
.#©©#©#.©.#.#©©#©.'...©#©.≈#
.####|##....######'#####..##
.#..#?##.####..#.......#..≈#
X#..#D....###..#.......#..##
##..#########..#########..≈#
..........................##
..........................≈#
#≈#≈#§#≈#≈#§#≈#≈#§#≈#≈#§#≈##


Turn 12404 on Gauntlet: - crap #≈. ##. ### # #§. #....##..###. ##.##.....##≈.
..##.##..###. ..## #....##..##≈. #....##.##.....###. #..PP##.##....#.
######[...##...©#. #@...'.##.......#. ######.##.##....#. #....##...©#.
#.##.......#. #....##.##..###. #.##....##..##≈. .. #.##.....###. ##
..##.##..##≈. ######### ##. #≈. ##. Turn 12911 on Gauntlet: - boots were
probably worth it ###.#.....♣..............##......
..<.#.............♣....####...... ##..##...P.P...P.......# #......
#......P...♣..........# #...... #.####.P...P...♣......# #...... #.#
##♣........#.##### ####'## #.# ##.....#...# #.# #.# ######..### #.# #.#
##.####### ###'## #.# #..†.....# ####..... ##'##### #..@.....# #..'.....
.......#### #........# #.##..... .......'..####........# #.##.....
.......##...##).......###.##..... .......####...........#...##..... .......#
####..........####..... .......# #........### #..... ######## ########## #.....
#..... ###### Turn 14190 on D:10: - better get those gloves ... #.. #.5 ##.Z#
#... ##### ##Z. ##.#∩# #..###....# #..#......# #.....@.∩## ##...##### ##### Turn
17174 on IceCv: - getting tired of this simulacra one ### #### ##@## #..#
##.#.####..## #.#.#.##....# ##|#.##.....## ##.#.#..#...# ####..###..## ##.##
##..# #..# ##.# ##..# ##.# #..## #.## #.## #.## Turn 18979 on IceCv: - didnt
know resistance came other than robes # .[#...# . ##. ..#...#.. . ...#.
......... #.. ..... #...... ....# #...###.... .y....# ##....#...#####..##.....
#..>.........##.#...?.(. #......#............... #....#.#..#............
#.......).# ........... ##.##.@#...#........... #...))###............. #*.P{..#
........y<... #)?..†...(.○........Z.... ..P.....(.##..........y..... #.........#
..((...H.....##. .#.......## ...(.........y## #...(..## ..........c... #.....○..
............. .#....... ..(....... ....... Turn 27956 on D:11: - who is this
other invisible pest ### #∩#### ##∩..#### ####...## ########.## #.........#
#.≈≈≈≈≈≈≈## #.≈..##### #.≈@## #.≈.# #.≈.. #.≈≈.. #∩.≈≈.. ##.≈≈..# .≈≈o.## .≈..##
Turn 30922 on Bailey: - star chamber... i can swim! ..# #..........# ..#
#####..........# ..####..............# ....................#
###.................######## #........................#
#........................#### #...........................#
#.................#####.....# ###.................# #.....#
................@...# #.....# ..........P.........# #.....###
####....PP.....P....# #........ #................# #........ #........PP......#
#.####### #...8............#####.# #..p..8................#
#.......>...P......†...# #.....P....P8..........# #..P........P..........#
####.8..8.....8..P........# Turn 32597 on D:15: - so jorg is sitting on vaults i
guess #.............##### #.................# #.................#
####.................# †....................# #####.###'##.........#
....###....#.........# ..........##.........# ..........#.........##
..........#.........# #######...#....O@...# ......#####....OO...#
#...................# #.............O.O...# #...................#
#.....########......# #.....'......#......## #.....#......#.......#
#.....#......#.......# #.....#......#.......# #.....#......#....#### Turn 33203
on D:15: - man my typing about killed me #..#.##.#####...## #..#..........#..#
...#.....####....# .....#...## ##.#.# ......###.####.#.######## .#.##.#
#............<..# .#.<..###.####.#.######.# .###.#...## #.#### #.# .###....>#
#....# #.## .........# #.##.## #..# #####.#.## #####@..#####.# #.#.#
#p..#...'...#.# #.#.# #...#...#...#.# #####.#.# #...#.).###'#.# ........#
#.∩.'.[.#.#..(# #.....### #...#...#.#.### #.##### #...#...#.#.# #.#
#p..#...#.'.# ..# #####...##### ..# #..## ..# #.## Turn 33599 on D:13: - oh
there it is ##.............## ##.......∩.......## ##.................##
##.........⌠.........## ##.....................# #.......#########.......
#.......#.......#....... #.......#.∩...∩.#....... #.......#.......#.......
#..∩..⌠.#...∩...#.⌠..∩.. #......@#.......#....... #.......#.∩...∩.#.......
#.......#.......#....... #.......#########....... ##.....................#
##.........⌠.........## ##.................## ##.......∩.......##
##.............## ##.....⌠.....## ##.........## Turn 35036 on Bazaar: -
interesting layout

Levels and vault maps discovered:
D:1:      dpeg_arrival_court, layout_loops_ring
D:2:      minmay_door_path, layout_basic
D:3:      layout_loops_ring, uniq_crazy_yiuf_cottage
D:4:      layout_cave_pools, serial_shops, nicolae_lakefront_shop,
          serial_column_ruins, column_ruins_circle_small,
          column_ruins_circle_small, column_ruins_columns_straight,
          column_ruins_grid_1, column_ruins_grid_3, column_ruins_corridor_T,
          column_ruins_grid_2, column_ruins_columns_corner,
          column_ruins_columns_corner
D:5:      cheibrodos_two_vegetables, layout_cave_pools, kennysheep_donut,
          uniq_blork_the_orc
D:6:      layout_cave_pools, uniq_sigmund
D:7:      layout_basic, kennysheep_little_box, minmay_temple_entry_waves
D:8:      layout_gridville, nicolae_stop_n_shop_2, uniq_harold, uniq_grum,
          uniq_prince_ribbit1, uniq_pikel
D:9:      layout_basic, orc_0_dummy, serial_shops, shop,
          chequers_serial_rivers_micro_c, roderic_roman_lattice, uniq_psyche
D:10:     layout_roguey, minmay_lair_entry_grove, nicolae_two_hexagons,
          palyth_stone_intersect
D:11:     regret_index_bee_streams, layout_cave_pools, serial_bayou_pond_c,
          uniq_snorg, uniq_erolcha
D:12:     layout_basic, serial_shops, nicolae_shop_waterfront,
          gauntlet_entry_generic
D:13:     layout_loops_ring, david_vaults_1, gammafunk_ghost_ooze, uniq_jorgrun
D:14:     layout_loops_cross, serial_shops, nicolae_shop_waterfront,
          cheibriados_altar_1, enter_bailey_2, grunt_ministairs_4,
          hangedman_abyss_or_decor_clamps
D:15:     gammafunk_depths_entry_grave, layout_irregular_city
Temple:   dpeg_three_leaves_temple
Lair:1:   layout_long_grid, grunt_megastairs_4
Lair:2:   beast_lair_carwin_large_3, layout_gridlike,
          minmay_snake_entry_guardpost_small, nicolae_quartered_pool_medium
Lair:3:   layout_gridlike, portal_ice_cave_demonic_guard, special_room
          [special_room_bee], uniq_gastronok
Lair:4:   layout_roguey, minmay_shoals_entry_centaurs, gammafunk_ghost_grave,
          grunt_megastairs_2, uniq_sonja
Lair:5:   dpeg_oklob_gauntlet, layout_small_grid, minivault_24,
          minmay_lair_oklob_chamber
Lair:6:   guppyfry_lair_end_dragon, layout_gridlike, wormcave,
          dpeg_slime_entry_enclosed_altar, lemuel_fruit_tree
Snake:1:  minmay_snake_river, layout_misc_corridors, serial_bayou_shore_a,
          minmay_shop_grove
Snake:2:  layout_rooms, serial_shops, bzr_entry_lakeside, shop_fountains, shop,
          shop, nicolae_shop_crystal
Snake:3:  layout_gridlike, uniq_mara
Snake:4:  snake_pit, layout_cave_town, serial_shops, bzr_in_the_mist,
          nicolae_shop_trees, nicolae_shop_crystal,
          nicolae_shop_window_shopping, hangedman_snake_corridor_split,
          uniq_aizul
Orc:1:    layout_diamond_mine, bloody_makhleb
Orc:2:    grunt_orc_tribal_feast, layout_caves, serial_shops,
          nicolae_shop_waterfront

Skill      XL: |  1  2  3  4  5  6  7  8  9 10 11 12 13 14 15 16 17 18 |
---------------+-------------------------------------------------------+-----
Polearms       | 5 6 8 9 11 12 15 17 18 | 18.0
Stealth        | 1 6 9 |  9.0
Dodging        | 9 12 15 16 18 | 18.0
Fighting       | 4 8 11 12 14 15 16 | 16.4
Invocations    | 2 5 6 8 9 |  9.0
Armour         | 5 6 |  6.0
Evocations     | 2 6 |  6.0
Ice Magic      | 9 12 | 12.0
Throwing       | 8 9 |  9.0
Translocations | 3 4 |  4.0

Action                   |  1- 3 |  4- 6 |  7- 9 | 10-12 | 13-15 | 16-18 || total
-------------------------+-------+-------+-------+-------+-------+-------++-------
Melee: Trident           |   109 |   115 |   296 |       |       |       ||   520
       Tailslap          |       |       |     2 |       |    10 |     2 ||    14
       Halberd           |       |       |   148 |   672 |   927 |       ||  1747
       Demon whip        |       |       |       |       |     7 |       ||     7
       Glaive            |       |       |       |       |   529 |  1112 ||  1641
       Demon trident     |       |       |       |       |   101 |    26 ||   127
 Fire: Hunting sling     |       |    76 |    80 |    26 |    37 |       ||   219
Throw: Dart              |       |       |     3 |    29 |   164 |       ||   196
       Throwing net      |       |       |       |     2 |       |       ||     2
       Boomerang         |       |       |       |     3 |    16 |   117 ||   136
 Cast: Ozocubu's Armour  |       |       |       |       |     1 |    23 ||    24
       Blink             |       |       |       |       |       |     4 ||     4
Invok: Wall of Briars    |       |       |       |    16 |    18 |    18 ||    52
       Grow Ballistomyce |       |       |       |       |     7 |     3 ||    10
       Overgrow          |       |       |       |       |     1 |     1 ||     2
       Grow Oklob        |       |       |       |       |       |     2 ||     2
Evoke: Wand              |       |       |     6 |    23 |    42 |    13 ||    84
       Phantom mirror    |       |       |       |       |     1 |       ||     1
  Use: Scroll            |       |     3 |     6 |    16 |     9 |     3 ||    37
       Potion            |       |       |     4 |     3 |       |     2 ||     9
 Stab: Sleeping          |     8 |     2 |     2 |    11 |    15 |    12 ||    50
       Distracted        |     1 |     1 |       |     2 |     5 |     5 ||    14
       Held in net/web   |       |       |       |     4 |       |       ||     4
       Confused          |       |       |       |       |     6 |     3 ||     9
Armor: Leather armour    |    23 |    22 |    78 |    83 |   252 |   133 ||   591
Dodge: Dodged            |    56 |    71 |   216 |   299 |  1058 |   874 ||  2574
       Repelled          |       |       |       |     8 |    11 |    23 ||    42
Block: Other             |       |       |       |    92 |   266 |   214 ||   572
       Reflection        |       |       |       |     1 |     8 |    20 ||    29
